 Dungeon Sprint DCSS version 0.26-a0-665-gefeb406119 (webtiles) character file.

Game seed: 4877235693667145702

2305 mhtbhm the Martial Artist (level 9, 0/99 HPs)
             Began as an Octopode Transmuter on Oct 16, 2020.
             Was a Follower of Makhleb.
             Slain by a centaur warrior (9 damage)
             ... in the Dungeon (Sprint I: "Red Sonja").
             The game lasted 00:03:22 (1227 turns).

mhtbhm the Martial Artist (Octopode Transmuter)     Turns: 1227, Time: 00:03:23

Health: 0/99       AC:  1    Str: 12    XL:     9   Next: 40%
Magic:  17/22      EV: 16    Int: 16    God:    Makhleb [*.....]
Gold:   768        SH:  0    Dex: 12    Spells: 12/27 levels left

rFire    . . .     SeeInvis .     - Unarmed
rCold    . . .     Faith    .   (shield currently unavailable)
rNeg     . . .     Spirit   .   (helmet restricted)
rPois    .         Reflect  .   (no amulet)
rElec    .         Harm     .   (no ring)
rCorr    .         Rampage  .   (no ring)
MR       .....     NoTele   +   (no ring)
Stlth    ..........             (no ring)
HPRegen  0.26/turn              (no ring)
MPRegen  0.18/turn              (no ring)
                                (no ring)
                                (no ring)

@: berserking, blade tentacles, very quick
A: almost no armour, stealthy swim, amphibious, 8 rings, constrict 8, camouflage
1, gelatinous body 1
a: End Transformation, Renounce Religion


You were in the Dungeon.
You worshipped Makhleb.
Makhleb was aware of your devotion.
You had blades for tentacles.
You visited 1 branch You collected 824 gold pieces.
You spent 56 gold pieces at shops.

Inventory:

Missiles
 j - 6 curare-tipped darts (quivered)
Scrolls
 a - a scroll of fog
 g - a scroll of blinking
 h - a scroll of identify
 i - a scroll of magic mapping {unknown}
Potions
 b - 3 potions of curing
 d - a potion of haste
 e - 2 potions of magic


   Skills:
 * Level 8.0 Fighting
 + Level 6.4 Dodging
 - Level 2.5 Stealth
 + Level 12.5 Unarmed Combat
 + Level 9.5 Spellcasting
 + Level 9.5 Transmutations
 - Level 1.0 Poison Magic


You had 12 spell levels left.
You knew the following spells:

 Your Spells              Type           Power        Failure   Level
a - Beastly Appendage     Tmut           #####.       9%          1
b - Wereblood             Tmut           #####...     10%         2
c - Spider Form           Tmut/Pois      ###.......   26%         3
d - Ice Form              Ice/Tmut       ###.....     54%         4
e - Blade Hands           Tmut           #####.....   34%         5

Your spell library contained the following spells:

 Spells                   Type           Power        Failure   Level


Dungeon Overview and Level Annotations

Branches:
Dungeon (1/1)

Altars:
Cheibriados
Dithmenos
Elyvilon
Fedhas
Gozag
Hepliaklqana
Kikubaaqudgha
Makhleb
Nemelex Xobeh
Okawaru
Qazlal
Ru
Sif Muna
Trog
Uskayaw
Vehumet
Wu Jian
Xom
Yredelemnul
Zin
The Shining One
Jiyva
Lugonu

Shops:
D ?([


Innate Abilities, Weirdness & Mutations

You cannot wear most types of armour.
You are very stealthy in the water. (Stealth+)
You are amphibious.
You can wear up to eight rings at the same time.
You can use your tentacles to constrict eight enemies at once.
Your skin changes colour to match your surroundings (Stealth+).
Your rubbery body absorbs attacks. (AC +1, EV +1)


Message History

The centaur warrior hits you! The centaur warrior hits you.
The centaur warrior misses you. The centaur warrior hits you!
* * * LOW HITPOINT WARNING * * *
You feel much better. The centaur warrior hits you!
The centaur warrior hits you. The hornet barely misses you.
Unknown command.
A red film seems to cover your vision as you go berserk!
You feel yourself moving faster!
You feel mighty! The centaur warrior hits you!
* * * LOW HITPOINT WARNING * * *
The centaur warrior completely misses you.
The hornet closely misses you. The centaur warrior hits you!
* * * LOW HITPOINT WARNING * * *
The centaur warrior hits you.
* * * LOW HITPOINT WARNING * * *
Unknown command.
You slash the hornet! Your grab misses the hornet.
Your squeeze misses the hornet.
The hornet is moderately wounded.
The hornet barely misses you. The centaur warrior hits you!
You die...

#######################
#..'..#.)'..#__#..'...#
)).#..'..#..'..'..#.).#
#####'#####'#__####)..+
####..#...#[####§?#####
#__####..##.#≈≈§§c#§§#
#_____##'#_.'≈§§@y§.§#
#_.∩...'..._#§§≈§c#§$#
#_..__##_.#'##+#### #
#_____###'#(# ###
#########.####+###.##
.......'...'..[..'(∩#
++++####.).##########
###.### #.#'#.#


You could see 2 centaur warriors and a hornet.

Vanquished Creatures
  Sonja (D)
  A deep troll (D)
  2 kobold demonologists (D)
  A slime creature (D)
  Sigmund (D)
  A yak (D)
  A floating eye (D)
  An ogre (D)
  A jelly (D)
  Ijyb (D)
  A ballistomycete spore (D)
12 creatures vanquished.

Vanquished Creatures (others)
  A ballistomycete spore (D)
1 creature vanquished.

Grand Total: 13 creatures vanquished

Notes
Turn   | Place    | Note
-------+----------+-------------------------------------------
     0 | D        | mhtbhm the Octopode Transmuter began the quest for the Orb.
     0 | D        | Reached XP level 1. HP: 13/13 MP: 3/3
     3 | D        | Noticed Ijyb
    15 | D        | Killed Ijyb
    15 | D        | Reached skill level 5 in Unarmed Combat
    15 | D        | Reached XP level 2. HP: 10/18 MP: 4/6
    15 | D        | Reached XP level 3. HP: 13/23 MP: 4/7
    48 | D        | Learned a level 2 spell: Wereblood
    52 | D        | Learned a level 3 spell: Spider Form
   156 | D        | Noticed an ogre
   166 | D        | Killed an ogre
   166 | D        | Reached skill level 7 in Unarmed Combat
   166 | D        | Reached XP level 4. HP: 3/28 MP: 3/10
   448 | D        | Learned a level 4 spell: Ice Form
   475 | D        | Noticed Sigmund
   485 | D        | Killed Sigmund
   485 | D        | Reached skill level 5 in Dodging
   485 | D        | Reached skill level 8 in Unarmed Combat
   485 | D        | Reached skill level 5 in Spellcasting
   485 | D        | Reached skill level 5 in Transmutations
   485 | D        | Reached skill level 1 in Poison Magic
   485 | D        | Reached XP level 5. HP: 33/33 MP: 6/12
   485 | D        | Reached XP level 6. HP: 38/38 MP: 7/14
   498 | D        | Found a burning altar of Makhleb.
   498 | D        | Found a viscous altar of Jiyva.
   498 | D        | Found a shimmering altar of Xom.
   498 | D        | Found a corrupted altar of Lugonu.
   498 | D        | Noticed a slime creature
   633 | D        | Found an ornate altar of the Wu Jian Council.
   633 | D        | Found a shimmering blue altar of Sif Muna.
   642 | D        | Learned a level 5 spell: Blade Hands
   646 | D        | Found a radiant altar of Vehumet.
   650 | D        | Reached skill level 9 in Unarmed Combat
   656 | D        | Found Biolebluo's Weapon Emporium.
   656 | D        | Found an ancient bone altar of Kikubaaqudgha.
   656 | D        | Found a hazy altar of Hepliaklqana.
   656 | D        | Found a stormy altar of Qazlal.
   656 | D        | Found a hide-covered altar of Uskayaw.
   656 | D        | Found a blossoming altar of Fedhas.
   656 | D        | Found a bloodstained altar of Trog.
   656 | D        | Found an iron altar of Okawaru.
   656 | D        | Found a basalt altar of Yredelemnul.
   656 | D        | Found a glowing golden altar of the Shining One.
   656 | D        | Found a snail-covered altar of Cheibriados.
   656 | D        | Found a sacrificial altar of Ru.
   656 | D        | Found a glowing silver altar of Zin.
   656 | D        | Found a shadowy altar of Dithmenos.
   656 | D        | Found a white marble altar of Elyvilon.
   656 | D        | Noticed a yak
   657 | D        | Found an opulent altar of Gozag.
   662 | D        | Killed a yak
   663 | D        | Found a sparkling altar of Nemelex Xobeh.
   786 | D        | Killed a slime creature
   786 | D        | Reached skill level 10 in Unarmed Combat
   786 | D        | Reached XP level 7. HP: 32/49 MP: 8/16
   790 | D        | Became a worshipper of Makhleb the Destroyer
   877 | D        | Noticed Sonja
   881 | D        | Killed Sonja
   881 | D        | Reached skill level 11 in Unarmed Combat
   881 | D        | Reached XP level 8. HP: 54/57 MP: 10/19
   884 | D        | Noticed a deep troll
   889 | D        | Killed a deep troll
   889 | D        | Reached skill level 12 in Unarmed Combat
   889 | D        | Reached XP level 9. HP: 37/64 MP: 11/21
   895 | D        | Found Baiddoeh's Armour Emporium.
   921 | D        | Found Xiecev's Magic Scroll Boutique.
   929 | D        | Bought a scroll of identify for 28 gold pieces
   929 | D        | Bought a scroll of identify for 28 gold pieces
  1144 | D        | Noticed a kobold demonologist
  1145 | D        | Noticed a kobold demonologist
  1147 | D        | Reached * piety under Makhleb
  1149 | D        | Killed a kobold demonologist
  1151 | D        | Killed a kobold demonologist
  1218 | D        | Noticed a centaur warrior
  1220 | D        | Noticed a centaur warrior
  1224 | D        | Noticed a hornet
  1227 | D        | Slain by a centaur warrior

Illustrated notes

Levels and vault maps discovered:
D:        dungeon_sprint_1 [red_sonja_temple_1, red_sonja_temple_small_1]

Skill      XL: |  1  2  3  4  5  6  7  8  9 |
---------------+----------------------------+-----
Dodging        | 3 4 5 6 |  6.4
Unarmed Combat | 5 7 8 10 11 12 | 12.5
Spellcasting   | 3 4 5 6 7 8 9 |  9.5
Transmutations | 3 5 6 7 8 9 |  9.5
Stealth        | 2 |  2.5
Poison Magic   | 1 |  1.0
Fighting       | 4 6 7 8 |  8.0

Action                   |  1- 3 |  4- 6 |  7- 9 || total
-------------------------+-------+-------+-------++-------
Melee: Unarmed           |    16 |    20 |    10 ||    46
       Kick              |     3 |       |       ||     3
       Tentacles         |     2 |       |       ||     2
       Constrict         |     1 |       |     1 ||     2
 Cast: Beastly Appendage |     1 |       |       ||     1
       Wereblood         |     1 |     3 |     2 ||     6
       Spider Form       |     1 |     2 |       ||     3
       Blade Hands       |       |     1 |     4 ||     5
  Use: Potion            |       |       |     2 ||     2
       Scroll            |       |       |     1 ||     1
 Stab: Sleeping          |       |     2 |     4 ||     6
Dodge: Dodged            |     4 |     7 |     8 ||    19

Table legend: (Time is in decaauts)
 A = Elapsed time spent in this place.
 B = Non-inter-level travel time spent in this place.
 C = Inter-level travel time spent in this place.
 D = Time resting spent in this place.
 E = Time spent auto-exploring this place.
 F = Levels seen in this place.
 G = Mean time per level.
                   A        B        C        D        E       F      G
               +--------+--------+--------+--------+--------+-----+--------+
         Total |   1220 |   1220 |      0 |    811 |      0 |   1 | 1220.0 |
       Dungeon |   1220 |   1220 |      0 |    811 |      0 |   1 | 1220.0 |
               +--------+--------+--------+--------+--------+-----+--------+

Top non-repeatable levels by time:
       D: 1220 daAuts
